Map: Lerilak Crest

Players

LilDicky - Winner!

  • Race: Terran Terran
  • League: Diamond

riven

  • Race: Zerg Zerg
  • League: Gold

VOD

http://www.twitch.tv/tumescentpie

Description

Time

  • Played on: Dec. 1, 2015, 5:52 p.m.
  • Length: 15:26
Show
View Real Time Build Order
Export as new Build Order

LilDicky Terran - Winner!

Build Orders:  

Get SALT Encoding   

  12  0:02  SCV  
  13  0:17  SCV  
  14  0:31  SCV  
  15  0:36  Supply Depot  
  15  0:39  Refinery  
  15  0:58  SCV  
  15  1:01  Barracks  
  16  1:10  SCV  
  17  1:22  SCV  
  18  1:34  SCV  
  19  1:42  Command Center  
  20  1:51  Reaper  
  20  1:52  Supply Depot  
  21  1:57  Orbital Command  
  20  2:02  Refinery  
  20  2:22  Factory  
  20  2:28  SCV  
  21  2:38  Barracks Tech Lab  
  21  2:40  SCV  
  22  2:52  SCV  
  22  2:55  Orbital Command  
  23  3:05  SCV  
  24  3:09  Marine  
  25  3:15  Siege Tank  
  28  3:24  SCV  
  29  3:34  Marine  
  29  3:39  SCV  
  29  3:40  SCV  
  32  3:41  Command Center  
  32  3:52  Marine  
  32  3:57  Siege Tank  
  32  3:58  SCV x2  
  37  4:10  SCV x2  
  37  4:13  Marine  
  40  4:22  SCV  
  41  4:29  SCV  
  43  4:32  Command Center  
  43  4:37  Barracks Reactor  
  43  4:38  Engineering Bay  
  42  4:39  SCV  
  42  4:40  Siege Tank  
  42  4:42  Starport  
  42  4:45  Refinery  
  46  4:49  Refinery  
  46  4:53  SCV  
  47  5:02  Supply Depot  
  47  5:03  Planetary Fortress  
  47  5:08  Supply Depot  
  47  5:10  SCV x2  
  49  5:22  SCV  
  51  5:35  Supply Depot  
  51  5:36  Supply Depot  
  51  5:39  Siege Tank  
  53  5:45  SCV x2  
  53  5:49  Barracks Reactor  
  55  5:54  SCV  
  55  5:55  Liberator  
  55  5:56  Liberator  
  56  5:57  SCV x2  
  58  6:06  Supply Depot  
  57  6:15  SCV  
  64  6:23  SCV x2  
  66  6:29  Barracks, Marine x2  
  66  6:30  Engineering Bay, Barracks x2  
  68  6:40  Missile Turret  
  68  6:46  SCV x3, Marine  
  68  6:47  Marine  
  71  6:48  Orbital Command  
  73  6:56  Siege Tank  
  73  6:58  SCV x2  
  73  7:01  Missile Turret  
  78  7:02  Missile Turret  
  78  7:03  Missile Turret  
  78  7:04  Marine  
  78  7:07  SCV  
  79  7:10  SCV x2  
  81  7:15  Missile Turret  
  81  7:17  Missile Turret  
  81  7:18  SCV  
  81  7:19  SCV, Missile Turret  
  81  7:22  SCV, Missile Turret  
  84  7:23  SCV, Marine x2  
  84  7:25  Barracks Tech Lab  
  87  7:31  Terran Infantry Armor Level 1, Liberator x2  
  87  7:33  Terran Infantry Weapons Level 1  
  87  7:35  SCV  
  87  7:36  Armory  
  88  7:40  Siege Tank  
  88  7:43  Barracks Tech Lab  
  92  7:44  Barracks Reactor  
  92  7:49  SCV x2  
  99  7:52  Refinery  
  99  7:53  Refinery  
  99  7:55  SCV  
  100  7:59  SCV  
  101  8:09  Marine  
  101  8:10  SCV, Marine  
  101  8:11  SCV x2, Marine x2  
  101  8:12  Command Center  
  108  8:13  Stimpack  
  108  8:15  Combat Shields  
  105  8:20  Armory  
  104  8:27  Missile Turret, Marine x2  
  104  8:28  Missile Turret  
  104  8:29  Missile Turret, Marine  
  104  8:30  Missile Turret  
  107  8:37  Missile Turret  
  107  8:38  SCV  
  107  8:40  Terran Vehicle And Ship Armor Level 1  
  108  8:41  Missile Turret  
  108  8:43  Liberator x2  
  108  8:51  SCV x3  
  108  8:52  SCV, Marine x2  
  108  8:53  Missile Turret  
  114  9:00  Missile Turret  
  120  9:03  SCV  
  120  9:04  SCV  
  120  9:06  SCV  
  120  9:09  Factory, Marine x2  
  124  9:13  Starport  
  121  9:24  Missile Turret  
  121  9:25  Missile Turret  
  121  9:27  Missile Turret  
  121  9:32  Supply Depot  
  121  9:34  Supply Depot  
  121  9:36  Missile Turret  
  121  9:38  Supply Depot  
  121  9:45  Planetary Fortress  
  121  10:00  Marine  
  121  10:01  Marine x5  
  121  10:02  Siege Tank  
  121  10:04  Factory Tech Lab  
  121  10:06  Starport Reactor  
  130  10:08  Starport  
  130  10:10  Terran Infantry Weapons Level 2  
  130  10:13  Terran Infantry Armor Level 2  
  130  10:15  Armory  
  130  10:18  Marine  
  130  10:19  Marauder x2, Marine x2  
  137  10:25  Barracks  
  137  10:26  Barracks  
  137  10:28  Marine  
  137  10:30  Supply Depot, Barracks x2  
  137  10:34  Terran Vehicle And Ship Armor Level 2  
  138  10:36  SCV x2, Marine  
  138  10:41  Marauder  
  143  10:45  Starport Tech Lab  
  143  10:47  Liberator x3  
  143  10:55  Fusion Core  
  143  10:56  Concussive Shells, Missile Turret  
  143  10:57  Missile Turret, Marine x2  
  143  11:02  SCV, Marine  
  143  11:03  Medivac  
  143  11:04  Medivac  
  151  11:05  Marine x2  
  162  11:20  Command Center  
  162  11:22  Refinery x2  
  162  11:25  SCV x4  
  166  11:27  Marine  
  166  11:28  Marine x2  
  166  11:29  Marine  
  170  11:33  Medivac  
  175  11:40  Siege Tank x2  
  178  11:52  Supply Depot  
  178  11:54  Supply Depot x2  
  178  11:57  Liberator  
  178  12:01  Supply Depot  
  178  12:03  Supply Depot, Marine  
  178  12:04  Supply Depot  
  178  12:06  Barracks Reactor  
  178  12:07  Barracks Reactor  
  178  12:08  Barracks Reactor  
  179  12:09  Supply Depot, Barracks Tech Lab  
  179  12:14  Marauder, Marine x3  
  179  12:15  Supply Depot, Banshee, Marine  
  191  12:18  Behemoth Reactor  
  191  12:20  Advanced Ballistics  
  191  12:33  Marauder  
  142  12:38  Marine x3  
  142  12:39  Marine x3  
  142  12:40  Planetary Fortress  
  142  12:42  Marine  
  142  12:43  Marine x3  
  126  12:54  SCV x3, Marine  
  126  12:56  Marine x6  
  126  12:57  Marauder x2  
  140  13:00  Marine  
  140  13:01  Marine x3  
  144  13:10  SCV x2  
  144  13:12  Marine  
  147  13:13  Marine  
  147  13:14  Missile Turret  
  140  13:41  Marauder x2, Marine x2  
  134  13:44  Battlecruiser, Viking  
  142  13:50  Marine  
  142  13:51  Marine x8  
  151  13:56  Liberator  
  151  13:57  Liberator x3  
  136  14:03  Marauder  
  136  14:06  Marine  
  136  14:09  Marauder, Marine  
  142  14:11  Marine  
  142  14:15  Marine x3  
  142  14:16  Marine x2  
  162  14:17  Marauder  
  162  14:24  Marauder  
  162  14:30  Marine  
  162  14:31  Marine  
  166  14:32  Marine  
  166  14:33  Marauder  
  171  14:38  Marauder  
  171  14:48  Command Center  
Show
View Real Time Build Order
Export as new Build Order

riven Zerg 

Build Orders: Hatch First, Muta Ling Bane 

Get SALT Encoding   

  12  0:01  Drone  
  13  0:14  Overlord  
  13  0:20  Drone  
  14  0:35  Drone x2  
  16  0:38  Drone  
  17  0:55  Hatchery  
  16  1:01  Drone x2  
  18  1:05  Extractor  
  17  1:18  Spawning Pool  
  16  1:21  Drone  
  17  1:30  Drone  
  18  1:33  Drone  
  19  1:46  Overlord  
  19  1:53  Drone  
  20  2:18  Queen  
  20  2:20  Queen  
  20  2:22  Zergling x4  
  26  2:23  Drone  
  26  2:24  Drone  
  27  2:36  Metabolic Boost  
  27  2:39  Drone x3  
  27  2:40  Drone  
  31  2:55  Overlord, Queen  
  31  2:58  Drone  
  34  3:07  Drone x3, Extractor  
  36  3:17  Roach Warren  
  35  3:25  Overlord  
  34  3:36  Drone x2  
  34  3:37  Drone  
  34  3:40  Drone x5, Extractor  
  34  3:41  Drone  
  42  3:58  Overlord x2  
  42  4:02  Lair  
  42  4:05  Drone x3  
  42  4:06  Drone  
  46  4:24  Drone x3  
  46  4:28  Overlord  
  46  4:29  Hatchery  
  48  4:51  Hatchery  
  47  4:57  Evolution Chamber  
  47  4:58  Evolution Chamber  
  45  5:00  Zergling x2  
  46  5:10  Zergling x4  
  46  5:11  Zergling x14  
  55  5:15  Queen  
  55  5:19  Glial Reconstitution  
  57  5:22  Drone x3  
  57  5:23  Overlord  
  57  5:24  Overlord  
  57  5:27  Zerg Melee Weapons Level 1  
  60  5:33  Zerg Ground Armor Level 1  
  60  5:38  Extractor  
  59  5:44  Drone, Spire  
  58  5:59  Drone  
  58  6:00  Drone x8  
  58  6:03  Overlord  
  67  6:06  Overlord  
  66  6:25  Zergling x2  
  66  6:26  Zergling x20  
  66  6:32  Baneling Nest  
  76  6:34  Drone  
  76  6:35  Drone  
  76  6:37  Drone x2  
  80  6:41  Drone  
  81  6:48  Infestation Pit  
  81  6:50  Extractor  
  81  6:54  Extractor  
  78  7:04  Hatchery  
  78  7:05  Drone x3  
  78  7:06  Drone x3  
  78  7:07  Overlord x3  
  83  7:23  Centrifical Hooks  
  83  7:27  Mutalisk  
  83  7:28  Mutalisk x5  
  95  7:32  Overseer  
  95  7:34  Overlord  
  95  7:37  Overseer x2  
  95  7:42  Baneling x2  
  95  7:43  Baneling x3  
  95  7:47  Zerg Melee Weapons Level 2  
  95  7:51  Zerg Ground Armor Level 2  
  95  7:56  Drone x3  
  98  8:09  Mutalisk x4  
  106  8:32  Hive  
  106  8:34  Drone x6  
  108  8:35  Overlord x3  
  108  8:36  Overlord  
  112  8:44  Drone x3  
  112  8:47  Zergling x4  
  112  8:48  Zergling x10  
  122  8:50  Baneling x2  
  122  8:51  Baneling x3  
  122  9:02  Extractor  
  121  9:23  Corruptor x3  
  121  9:24  Corruptor x6  
  139  9:35  Drone x2  
  141  9:41  Baneling x3  
  141  9:42  Baneling x4  
  141  9:46  Adrenal Glands  
  135  10:02  Extractor  
  134  10:07  Greater Spire  
  134  10:11  Zerg Melee Weapons Level 3  
  134  10:13  Overlord x3  
  134  10:15  Zerg Ground Armor Level 3  
  134  10:23  Drone x3  
  134  10:24  Overlord x2  
  137  10:41  Overseer  
  137  10:44  Overseer  
  137  10:45  Hatchery  
  137  10:49  Zergling x14  
  147  10:50  Zergling x34  
  160  10:58  Ultralisk Cavern  
  159  11:14  Baneling x4  
  159  11:15  Baneling x3  
  159  11:22  Brood Lord x4  
  159  11:23  Corruptor x3  
  173  12:23  Zerg Flyer Weapons Level 1  
  114  12:37  Ultralisk  
  114  12:38  Ultralisk x6  
  121  12:51  Zergling x2  
  121  12:52  Zergling x40  
  139  13:02  Chitinous Plating  
  139  13:05  Overlord x3  
  139  13:07  Overseer  
  139  13:08  Overseer  
  135  13:36  Corruptor  
  135  13:37  Corruptor x5  
  127  13:47  Drone x3  
  121  14:02  Extractor  
  114  14:03  Corruptor x4  
  114  14:04  Extractor  
  97  14:27  Corruptor x4  
  97  14:30  Zergling x2  
  107  14:31  Zergling x2  
  107  14:34  Overlord  
  107  14:36  Overlord  
  107  14:44  Overseer x2  
  107  14:47  Corruptor x2  
  107  14:51  Hatchery  
  111  15:07  Zergling x18  
  111  15:08  Zergling x12  
Tags
 
Add a new tag
Caveats
  • Supply blocks, unpowered buildings, or Contaminate may cause inaccurate times.
  • Supply counts are checked every 10 seconds.